Cogmind - Beta 14 @@@ ROGUE MODE // 2024.11.22 @ 15:22:36 Player: jimmyl Result: Destroyed by G-73 Enforcer with Phase Gun Performance ------------- Evolutions (6) 3000 Regions Visited (15) 3000 Robots Destroyed (260) 1300 Value Destroyed (10988) 10988 Prototype IDs (5) 100 Alien Tech Used (0) 0 Bonus (6350) 6350 TOTAL SCORE: 24738 Bonus ------- High Alert Combat Kills 3263 Follower Combat Kills 1037 Entered Garrisons 600 Used RIF Installer 1500 Friendly Fire -50 Cogmind --------- Core Integrity 0/1150 Matter 134/300 Energy 99/100 System Corruption 14% Temperature Danger (441) Movement Core (1500) Ox29 Location -4/Factory Parts ------- > --- POWER (2) -------- (None) > --- PROPULSION (4) --- (None) > --- UTILITY (11) ----- Huge Storage Unit Advanced Signal Interpreter Advanced Signal Interpreter Core Analyzer Weapon Cycler Authchip [Weapon] > --- WEAPON (2) ------- Mass Driver > --- INVENTORY (25) --- Flexi-carbon Leg Compact Matter Pod (150) Improved Sensor Array Advanced Targeting Computer Improved Target Analyzer Improved Armor Integrity Analyzer Transmission Jammer Advanced Transmission Jammer Cooled Proton Cannon Phase Cannon KE Penetrator Magnetic Acceleration Cannon Improved Remote Datajack Improved Plasma Cutter Makeshift Axe Plasma Lance Peak State ------------ > --- POWER ------------ Reinforced Fission Core Micro Fission Core > --- PROPULSION ------- Flexi-carbon Leg Advanced Myomer Leg Advanced Myomer Leg > --- UTILITY ---------- Advanced Cryofiber Web Advanced Heat Sink Advanced Heat Sink Huge Storage Unit Advanced Signal Interpreter Advanced Signal Interpreter Improved Particle Charger Thermal Shield Authchip [R/Combat] Authchip [Weapon] Drone Bay > --- WEAPON ----------- Heavy Beamcaster Phase Cannon > --- INVENTORY -------- Improved Heavy Treads Flexi-carbon Leg Compact Matter Pod Improved Sensor Array Advanced Targeting Computer Improved Target Analyzer Core Analyzer Improved Armor Integrity Analyzer Weapon Cycler Transmission Jammer Advanced Transmission Jammer Improved Medium Armor Plating Cooled Proton Cannon Phase Cannon KE Penetrator Magnetic Acceleration Cannon Improved Remote Datajack Improved Plasma Cutter Makeshift Axe Plasma Lance [Rating: 106] Favorites ----------- Power Fission Core Engine Light Ion Engine Power Core Fission Core Reactor Light Antimatter Reactor Propulsion Light Treads Treads Light Treads Leg Aluminum Leg Wheel Armored Wheel Utility Huge Storage Unit Device Advanced Heat Sink Storage Huge Storage Unit Processor Advanced Targeting Computer Hackware Relay Coupler [Swarmer] Protection Improved Light Armor Plating Weapon Phase Cannon Energy Gun Gatling Laser Energy Cannon Phase Cannon Ballistic Gun Light Assault Rifle Ballistic Cannon Magnetic Acceleration Cannon Launcher Mini Grenade Launcher Special Weapon Remote Datajack Slashing Weapon Makeshift Axe Build | -11 -10 -10 -10 -9 -8 -8 -8 -7 -7 -7 -6 -5 -5 -5 -4 ------- Run | Yrd Mat Min Exi Min Mat Sto Gar Fac Gar Fac Fac Fac Gar Fac Fac Slots Evolved 12 | . . . . . 4 . . 2 . . 2 2 . . 2 Power 1 | . . . . . . . . . . . . . . . 1 Propulsion 2 | . . . . . 1 . . 1 . . . . . . . Utility 9 | . . . . . 3 . . 1 . . 2 2 . . 1 Weapon . | . . . . . . . . . . . . . . . . Parts Attached 229 | . 14 . . 7 21 11 8 5 35 2 16 19 39 1 51 Power 16 | . . . . 1 2 . 1 . 2 . 1 1 4 . 4 Engine 2 | . . . . 1 . . . . . . . . 1 . . Core 11 | . . . . . 2 . 1 . 1 . . 1 3 . 3 Reactor 3 | . . . . . . . . . 1 . 1 . . . 1 Propulsion 46 | . 3 . . 1 6 2 1 3 7 2 1 3 10 . 7 Treads 21 | . 2 . . 1 4 2 1 1 . . . . 7 . 3 Leg 14 | . . . . . . . . . 7 . . . 3 . 4 Wheel 11 | . 1 . . . 2 . . 2 . 2 1 3 . . . Hover . | . . . . . . . . . . . . . . . . Flight . | . . . . . . . . . . . . . . . . Utility 73 | . 2 . . 1 6 5 3 2 9 . 6 7 12 1 19 Device 33 | . 1 . . 1 3 1 2 . 6 . 2 5 3 . 9 Storage 1 | . 1 . . . . . . . . . . . . . . Processor 9 | . . . . . 2 1 1 . 1 . 1 1 . . 2 Hackware 17 | . . . . . . . . . . . 1 . 9 1 6 Protection 13 | . . . . . 1 3 . 2 2 . 2 1 . . 2 Artifact . | . . . . . . . . . . . . . . . . Weapon 94 | . 9 . . 4 7 4 3 . 17 . 8 8 13 . 21 Energy Gun 24 | . 1 . . 1 4 . 1 . 10 . . 1 4 . 2 Energy Cannon 11 | . . . . . . . . . . . . 4 4 . 3 Ballistic Gun 10 | . 6 . . 2 2 . . . . . . . . . . Ballistic Cannon 19 | . . . . . . 2 1 . 3 . 4 . . . 9 Launcher 17 | . 2 . . 1 1 2 1 . 2 . 4 3 . . 1 Special Weapon 11 | . . . . . . . . . . . . . 5 . 6 Impact Weapon . | . . . . . . . . . . . . . . . . Slashing Weapon 2 | . . . . . . . . . 2 . . . . . . Piercing Weapon . | . . . . . . . . . . . . . . . . Special Melee Weapon . | . . . . . . . . . . . . . . . . Unidentified Prototypes 3 | . . . . . 1 . . . . . 1 . . . 1 Parts Lost 103 | . 2 . . 2 6 8 1 1 17 . 7 14 10 . 35 Power 13 | . . . . 1 1 . . . 1 . 1 2 1 . 6 Propulsion 31 | . 1 . . . 3 3 1 1 7 . 2 3 3 . 7 Utility 41 | . . . . 1 1 4 . . 6 . 3 6 3 . 17 Weapon 18 | . 1 . . . 1 1 . . 3 . 1 3 3 . 5 Highest Loss Streak 10 | . 1 . . 1 5 2 1 1 6 . 3 10 4 . 9 To Critical Strikes 2 | . . . . . . . . . 2 . . . . . . Average Slot Usage (%) 87 | . 96 100 100 93 89 91 92 99 95 94 85 87 74 88 76 Engine 2 | . 14 14 14 13 4 . . . . . . . . . . Core 4 | . . . . . 3 9 9 7 6 7 . 3 4 5 5 Treads 8 | . 16 14 14 14 17 16 13 9 1 . . . 6 11 4 Leg 6 | . 4 . . . . . . . 19 20 . . 4 . 8 Wheel 6 | . 6 14 14 14 8 9 9 19 4 4 12 12 . . . Device 13 | . 10 14 14 8 12 17 16 15 11 7 13 19 15 14 14 Storage 7 | . 14 14 14 14 9 9 9 7 7 7 6 5 5 5 5 Processor 12 | . . . . . 7 9 18 15 18 23 20 22 17 17 8 Hackware 3 | . . . . . . . . . . . 6 1 5 19 16 Protection 3 | . . . . . 5 8 . 7 6 7 5 5 . . . Energy Gun 3 | . 4 . . 8 8 4 1 . 6 . . . 2 . 1 Energy Cannon 1 | . . . . . . . . . . . . 8 5 5 3 Ballistic Gun 4 | . 22 28 28 16 9 . . . . . . . . . . Ballistic Cannon 3 | . . . . . . 6 9 7 6 15 12 . . . 3 Launcher 1 | . . . . 3 . . 7 7 . . . 1 . . . Peak Build Rating 106 | . 8 8 8 12 36 36 34 38 56 57 70 73 93 93 106 Average Rating 50 | . 7 7 8 10 23 33 32 36 49 52 66 66 72 90 89 On Entrance 35 | 6 6 8 8 8 12 36 24 33 38 51 57 59 33 93 88 Naked Turns . | . . . . . . . . . . . . . . . . Heaviest Build 137 | 11 86 86 86 92 100 108 102 102 112 112 118 127 116 108 137 Greatest Support 150 | 20 40 16 16 16 16 12 12 34 75 56 56 48 150 150 150 Greatest Overweight (x) 30 | . 5 5 5 5 9 8 8 4 8 3 4 6 30 . 2 Average Overweight (x) 3 | . 2 5 5 5 6 7 8 2 4 1 1 3 1 . . Largest Inventory Capacity 25 | . 25 25 25 25 25 25 25 25 25 25 25 25 25 25 25 Average Capacity 24 | . 15 25 25 25 25 25 25 25 25 25 25 25 25 25 25 Most Carried 25 | . 10 12 12 17 25 25 25 25 25 25 25 25 25 25 24 Average Carried 20 | . 7 10 12 15 21 24 22 23 24 24 22 21 20 24 21 Final Capacity 25 | 8 25 25 25 25 25 25 25 25 25 25 25 25 25 25 25 Final Carried 25 | 6 10 12 12 17 25 23 25 25 25 25 21 24 25 24 16 Class Distribution -------------------- 45% | Scavenger-Mutant 42% | Mutant 10% | Bothacker-Mutant Dominant Class ---------------- Mutant | -10/Materials Mutant | -10/Mines Mutant | -10/Exiles Mutant | -9/Mines Scavenger-Mutant | -8/Materials Mutant | -8/Storage Scavenger-Mutant | -8/Garrison Scavenger-Mutant | -7/Factory Scavenger-Mutant | -7/Garrison Scavenger-Mutant | -7/Factory Mutant | -6/Factory Mutant | -5/Factory Scavenger-Mutant | -5/Garrison Bothacker-Mutant | -5/Factory Scavenger-Mutant | -4/Factory Resources | -11 -10 -10 -10 -9 -8 -8 -8 -7 -7 -7 -6 -5 -5 -5 -4 ----------- Run | Yrd Mat Min Exi Min Mat Sto Gar Fac Gar Fac Fac Fac Gar Fac Fac Matter Collected 5860 | 172 235 . . 219 481 617 593 66 585 80 644 505 493 . 1170 Remotely 1007 | . . . . 23 356 . 386 66 176 . . . . . . Salvage Created 8991 | . 330 . . 175 1080 1121 407 65 1152 107 474 1067 1743 . 1270 Parts 456 | . 26 . . 11 59 54 30 3 59 9 34 57 70 . 44 Haulers Intercepted 9 | . 1 . . . 3 2 . . . . . 1 . . 2 Recyclers Shooed 7 | . 1 . . 1 . . . . . . 4 . . . 1 Parts Field Recycled . | . . . . . . . . . . . . . . . . Retrieved Matter . | . . . . . . . . . . . . . . . . Parts Self-Destructed . | . . . . . . . . . . . . . . . . Prevented . | . . . . . . . . . . . . . . . . Kills | -11 -10 -10 -10 -9 -8 -8 -8 -7 -7 -7 -6 -5 -5 -5 -4 ------- Run | Yrd Mat Min Exi Min Mat Sto Gar Fac Gar Fac Fac Fac Gar Fac Fac Combat Hostiles Destroyed 214 | . 11 . . 7 22 30 15 1 32 3 19 22 26 . 26 Guns 61 | . 3 . . 7 19 3 . . 17 . . . 11 . 1 Cannons 80 | . . . . . . 16 6 1 9 3 9 12 11 . 13 AOE 67 | . 8 . . . 3 9 9 . 6 . 10 10 . . 12 Classes Destroyed 23 | . 4 . . 2 2 6 . . 3 . 1 1 1 . 3 Worker 13 | . . . . . . 2 . . . . 5 3 . . 3 Builder 6 | . . . . . . 1 . . . . 1 3 . . 1 Tunneler 1 | . . . . . . . . . . . . 1 . . . Hauler 9 | . 1 . . . 3 2 . . . . . 1 . . 2 Recycler 5 | . . . . 1 1 . . . . . 1 1 . . 1 Mechanic 2 | . . . . . . 1 . . . . . 1 . . . Operator 2 | . . . . . 1 1 . . . . . . . . . Watcher 11 | . 2 . . . 4 1 . . . . . 3 . . 1 Swarmer 69 | . 6 . . 4 8 3 7 . 11 . 7 11 8 . 4 Cutter 4 | . . . . . . . . . . . 3 . 1 . . Grunt 67 | . 5 . . . 9 11 6 . 10 2 5 5 9 . 5 Brawler 4 | . . . . . . 1 . . . . 1 . . . 2 Duelist 6 | . . . . . . 2 1 . 1 . . . . . 2 Protector 1 | . . . . . . . . . . . . . . . 1 Sentry 30 | . . . . . 5 12 1 1 5 . . 2 4 . . Demolisher 1 | . . . . . . . . . . . . . . . 1 Specialist 4 | . . . . . . . . . 2 . . . . . 2 Hunter 7 | . . . . . . 1 . . 1 . . . 3 . 2 Programmer 14 | . . . . . . . . . 1 1 2 4 . . 6 Heavy 1 | . . . . . . . . . . . . . . . 1 Behemoth 2 | . . . . . . . . . 1 . 1 . . . . Striker 1 | . . . . . . . . . . . . . 1 . . Assembled 3 | . . . . 3 . . . . . . . . . . . Best Kill Streak 14 | . 5 . . 4 5 14 7 1 8 3 7 9 4 . 6 Combat Bots Only 10 | . 5 . . 4 4 10 7 1 8 3 4 5 4 . 5 Max Kills in Single Turn 6 | . 3 . . 1 2 3 2 1 2 1 5 6 2 . 5 Gunslinging . | . . . . . . . . . . . . . . . . Exploded 4 | . 3 . . . 2 2 2 . 2 . 3 3 . . 4 Melee . | . . . . . . . . . . . . . . . . Uniques/NPCs Destroyed . | . . . . . . . . . . . . . . . . Combat | -11 -10 -10 -10 -9 -8 -8 -8 -7 -7 -7 -6 -5 -5 -5 -4 -------- Run | Yrd Mat Min Exi Min Mat Sto Gar Fac Gar Fac Fac Fac Gar Fac Fac Hostile Shots Fired 1383 | . 56 . . 49 98 125 32 18 250 7 110 157 136 . 345 Missed 406 | . 11 . . 17 28 30 9 8 75 1 34 46 44 . 103 Damage Taken 18303 | . 573 59 . 493 963 1575 306 83 2469 90 1713 1933 1734 90 6222 Core 3319 | . 55 . . 83 133 274 83 5 445 13 226 489 339 . 1174 Absorbed by Shields . | . . . . . . . . . . . . . . . . Reduced by Siege Mode 115 | . . . . . . . . . . . . . . . 115 Ignored by Resistances 500 | . . . . . . . . . . . 30 . 120 . 350 Regen/Repaired (Parts) 861 | . . . . . . . . . . . 177 . . . 684 Core Remaining (%) 46 | 100 . . . 44 . . 10 . . 33 73 . . 17 . Volleys Fired 709 | . 41 . . 28 77 96 41 3 86 5 44 38 127 3 120 Largest 2 | . 2 . . 2 2 2 1 1 2 2 2 2 2 1 2 Hottest 196 | . 60 . . 79 138 138 57 57 160 106 106 196 170 5 170 Shots Fired 1126 | . 75 . . 56 145 130 41 3 130 10 84 72 204 3 173 Gun 483 | . 68 . . 56 141 46 2 . 96 . . . 59 . 15 Cannon 523 | . . . . . . 62 34 3 26 10 78 62 128 . 120 Launcher 71 | . 7 . . . 4 22 5 . 8 . 6 10 . . 9 Special 49 | . . . . . . . . . . . . . 17 3 29 Kinetic 459 | . 48 . . 39 79 62 34 3 26 10 78 . . . 80 Thermal 476 | . 20 . . 17 62 46 . . 86 . . 62 128 . 55 Explosive 71 | . 7 . . . 4 22 5 . 8 . 6 10 . . 9 Electromagnetic 71 | . . . . . . . 2 . 10 . . . 59 . . Robot Hit Streak 32 | . 11 . . 4 9 26 6 2 32 9 20 15 18 7 14 Robot Miss Streak 7 | . 2 . . 4 4 2 4 1 3 . 3 2 4 2 7 Penetration Max . | . . . . . . . . . . . . . . . . Secondary Targets 5 | . 1 . . 1 2 . . . 1 . . . . . . Max Gunslinging Chain 1 | . 1 . . 1 1 . . . 1 . . . . . . Shots Hit Robots 755 | . 52 . . 26 92 91 18 2 92 8 67 45 135 1 126 Core Hits 505 | . 25 . . 12 48 51 20 2 84 5 67 42 57 . 92 Critical Kills 12 | . . . . . . 2 4 1 2 . . 1 2 . . Critical Parts Destroyed 14 | . . . . . . 4 7 . 3 . . . . . . Critical Strikes 50 | . . . . 1 2 17 11 1 7 2 2 1 2 . 4 Burn 9 | . . . . 1 2 4 . . 1 . . . . . 1 Meltdown 3 | . . . . . . . . . . . . 1 2 . . Destroy 24 | . . . . . . 7 11 1 5 . . . . . . Blast 14 | . . . . . . 6 . . 1 2 2 . . . 3 Melee Attacks 8 | . . . . . . . . . 8 . . . . . . Impact . | . . . . . . . . . . . . . . . . Slashing 8 | . . . . . . . . . 8 . . . . . . Piercing . | . . . . . . . . . . . . . . . . Sneak Attacks . | . . . . . . . . . . . . . . . . Combat Hostiles . | . . . . . . . . . . . . . . . . Follow-up Attacks . | . . . . . . . . . . . . . . . . Damage Inflicted 27950 | . 954 . . 326 1992 4047 973 32 2712 225 3522 4225 3564 . 5378 Guns 6092 | . 535 . . 326 1563 651 . . 1922 . . . 785 . 310 Cannons 12356 | . . . . . . 2244 415 32 333 225 1836 1622 2680 . 2969 Explosions 9471 | . 419 . . . 429 1148 558 . 457 . 1668 2603 99 . 2090 Melee . | . . . . . . . . . . . . . . . . Ramming 31 | . . . . . . 4 . . . . 18 . . . 9 Kinetic 8361 | . 378 . . 224 763 2244 415 32 333 225 1836 . . . 1911 Thermal 10150 | . 157 . . 102 800 651 . . 1831 . . 2462 2779 . 1368 Explosive 8532 | . 419 . . . 429 1148 558 . 457 . 1668 1763 . . 2090 Electromagnetic 876 | . . . . . . . . . 91 . . . 785 . . Impact . | . . . . . . . . . . . . . . . . Slashing . | . . . . . . . . . . . . . . . . Piercing . | . . . . . . . . . . . . . . . . Highest Corruption 14 | . . . . . . . . . . 1 6 2 2 4 14 Average Corruption 5 | . . . . . . . . . . 1 2 1 2 3 11 Corruption Purged . | . . . . . . . . . . . . . . . . Corruption Blocked . | . . . . . . . . . . . . . . . . Effects 120 | . . . . . . . . . . . 8 5 40 2 65 Message Errors 27 | . . . . . . . . . . . 1 1 11 1 13 Matter Fused 26 | . . . . . . . . . . . 3 2 8 . 13 Heat Flow Errors 12 | . . . . . . . . . . . . 1 4 . 7 Energy Discharges 19 | . . . . . . . . . . . . 1 5 . 13 Parts Rejected 5 | . . . . . . . . . . . . . 2 . 3 Parts Fused 1 | . . . . . . . . . . . 1 . . . . Data Loss (minor) 15 | . . . . . . . . . . . 2 . 5 . 8 Data Loss (major) 4 | . . . . . . . . . . . . . 1 . 3 Misfires 5 | . . . . . . . . . . . 1 . 2 . 2 Alerts 2 | . . . . . . . . . . . . . 1 1 . Weapon Failures 4 | . . . . . . . . . . . . . 1 . 3 Overload Shots . | . . . . . . . . . . . . . . . . Overflow Damage 863 | . 5 . . . 20 196 40 . 6 20 140 284 37 . 115 Projectiles 368 | . . . . . . 196 . . . 20 9 40 37 . 66 Explosions 495 | . 5 . . . 20 . 40 . 6 . 131 244 . . 49 Melee . | . . . . . . . . . . . . . . . . Knockbacks 56 | . . . . . . 2 4 . 2 2 27 . . . 19 Impact . | . . . . . . . . . . . . . . . . Kinetic 54 | . . . . . . 2 4 . 2 2 26 . . . 18 Secondary 2 | . . . . . . . . . . . 1 . . . 1 Self-Inflicted Damage 653 | . 43 . . . . 207 . . 67 . 268 62 . . 6 Shots 16 | . 3 . . . . 5 . . 2 . 4 1 . . 1 Rammed 4 | . . . . . . 1 . . . . 1 . . . 2 Targets Rammed 4 | . . . . . . 1 . . . . 1 . . . 2 Kicked . | . . . . . . . . . . . . . . . . Crushed . | . . . . . . . . . . . . . . . . Highest Temperature 423 | . 186 . . 162 198 81 17 2 176 189 232 371 229 . 423 Average Temperature 58 | . 90 . . 61 56 19 12 2 39 84 36 93 49 . 123 Received Heat Transfer 3761 | . 282 . . . 468 459 171 30 537 36 309 174 333 . 962 Effects 1 | . . . . . . . . . . . . . . . 1 Short Circuit 1 | . . . . . . . . . . . . . . . 1 Siege Activations 2 | . . . . . . . . . . . . . . . 2 Total Turns 37 | . . . . . . . . . . . . . . . 37 Longest Duration 24 | . . . . . . . . . . . . . . . 24 Robots Corrupted 2 | . . . . . . . . . . . . . 2 . . Combat Hostiles 2 | . . . . . . . . . . . . . 2 . . Parts Fried 9 | . . . . . . 2 . . 1 . . . 6 . . Impact Corruptions 1 | . . . . . . 1 . . . . . . . . . Robots Melted 6 | . . . . . . 2 . . . . . 1 3 . . Combat Hostiles 4 | . . . . . . 2 . . . . . . 2 . . Parts Melted 53 | . . . . . 4 11 . . 8 . . 14 9 . 7 Heat Transferred 15701 | . 350 . . 333 1702 1554 . . 4041 . . 2700 3356 . 1665 Parts Sabotaged . | . . . . . . . . . . . . . . . . Parts Stolen . | . . . . . . . . . . . . . . . . Parts Stripped . | . . . . . . . . . . . . . . . . Power Chain Reactions 1 | . . . . . . . . . . . . . 1 . . Alert | -11 -10 -10 -10 -9 -8 -8 -8 -7 -7 -7 -6 -5 -5 -5 -4 ------- Run | Yrd Mat Min Exi Min Mat Sto Gar Fac Gar Fac Fac Fac Gar Fac Fac Peak Influence 2106 | . 202 1 . 105 392 830 959 554 1981 1138 914 953 2106 1254 1052 Initial 1105 | . . 1 . . . 165 539 503 387 1039 557 428 599 1105 613 Average 728 | . 55 . . 43 247 392 749 524 1156 1053 767 621 1167 1196 815 Maximum Alert Level 5 | . 1 . . . 1 3 3 2 5 4 3 3 5 4 3 Low Security (%) 17 | . 85 100 . 100 34 6 . . . . . . . . . Level 1 9 | . 14 . . . 65 45 . . 3 . . . . . . Level 2 21 | . . . . . . 45 44 100 7 . 21 85 20 . 24 Level 3 31 | . . . . . . 3 55 . 35 86 78 14 27 . 75 Level 4 14 | . . . . . . . . . 35 13 . . 35 100 . Level 5 5 | . . . . . . . . . 17 . . . 16 . . High Security . | . . . . . . . . . . . . . . . . Max Security . | . . . . . . . . . . . . . . . . Squads Dispatched 36 | . . . . . 1 6 . 1 . 1 6 6 . . 15 Investigation 6 | . . . . . . 1 . . . 1 2 . . . 2 Extermination 7 | . . . . . . . . . . . 2 2 . . 3 Reinforcement 13 | . . . . . 1 2 . 1 . . 2 1 . . 6 Assault 8 | . . . . . . 1 . . . . . 3 . . 4 Garrison 2 | . . . . . . 2 . . . . . . . . . Intercept . | . . . . . . . . . . . . . . . . Searches Triggered . | . . . . . . . . . . . . . . . . Construction Impeded 5 | . . . . . . 1 . . . . 1 1 . . 2 Haulers Reinforced 1 | . . . . . . . . . . . . . . . 1 Active Scanning Responses . | . . . . . . . . . . . . . . . . Cargo Convoy Interrupts 1 | . . . . . . . . . . . . . . . 1 Stealth | -11 -10 -10 -10 -9 -8 -8 -8 -7 -7 -7 -6 -5 -5 -5 -4 --------- Run | Yrd Mat Min Exi Min Mat Sto Gar Fac Gar Fac Fac Fac Gar Fac Fac Distress Signals 11 | . 1 . . . 6 2 . . . . . 2 . . . Communications Jammed . | . . . . . . . . . . . . . . . . Distress Signals . | . . . . . . . . . . . . . . . . Times Spotted 321 | . 16 . . 7 36 36 17 2 34 3 24 35 36 2 73 Peak Tracking Total 13 | . 5 . . 4 5 4 3 1 8 2 6 10 5 1 13 Tactical Retreats 24 | . . . . . 4 3 3 . 3 . 3 1 3 . 4 Traps | -11 -10 -10 -10 -9 -8 -8 -8 -7 -7 -7 -6 -5 -5 -5 -4 ------- Run | Yrd Mat Min Exi Min Mat Sto Gar Fac Gar Fac Fac Fac Gar Fac Fac Traps Triggered 22 | . . 2 . . . 1 5 . 8 . . . 2 1 3 Indirectly . | . . . . . . . . . . . . . . . . Trap Hack Attempts . | . . . . . . . . . . . . . . . . Triggered . | . . . . . . . . . . . . . . . . Disarmed . | . . . . . . . . . . . . . . . . Reprogrammed . | . . . . . . . . . . . . . . . . Reused . | . . . . . . . . . . . . . . . . Traps Extracted . | . . . . . . . . . . . . . . . . Installed . | . . . . . . . . . . . . . . . . Triggered 1 | . . . . . . . . . . . . . 1 . . Machines | -11 -10 -10 -10 -9 -8 -8 -8 -7 -7 -7 -6 -5 -5 -5 -4 ---------- Run | Yrd Mat Min Exi Min Mat Sto Gar Fac Gar Fac Fac Fac Gar Fac Fac Machines Disabled 46 | . 3 . . . . 8 . . 1 . 7 10 7 1 9 Max in Single Turn 8 | . 1 . . . . 1 . . 1 . 2 8 1 . 3 Garrison Access 2 | . . . . . . . . . . . . . . 1 1 Garrison Relay 6 | . . . . . . . . . 1 . . . 5 . . Machines Repaired . | . . . . . . . . . . . . . . . . Machines Dismantled . | . . . . . . . . . . . . . . . . Machines Sabotaged . | . . . . . . . . . . . . . . . . Overloaded Fab Kills . | . . . . . . . . . . . . . . . . Hacking | -11 -10 -10 -10 -9 -8 -8 -8 -7 -7 -7 -6 -5 -5 -5 -4 --------- Run | Yrd Mat Min Exi Min Mat Sto Gar Fac Gar Fac Fac Fac Gar Fac Fac Machines Accessed 35 | . 3 1 . . 5 4 . 1 2 1 2 4 3 1 8 Terminals 26 | . 3 . . . 5 3 . . 2 1 1 3 3 . 5 Fabricators 1 | . . . . . . . . . . . . . . . 1 Repair Stations 2 | . . . . . . . . . . . 1 . . . 1 Recycling Units . | . . . . . . . . . . . . . . . . Scanalyzers . | . . . . . . . . . . . . . . . . Garrison Access 5 | . . . . . . 1 . 1 . . . 1 . 1 1 Total Hacks 68 | . 7 1 . . 10 7 . 1 4 3 3 5 6 3 18 Successful 30 | . 4 1 . . 8 2 . 1 1 1 1 1 3 2 5 Failed 38 | . 3 . . . 2 5 . . 3 2 2 4 3 1 13 Catastrophic 14 | . . . . . . . . . 2 1 . 3 2 . 6 Database Lockouts . | . . . . . . . . . . . . . . . . Manual 17 | . 3 . . . 3 . . . . . 3 3 . 1 4 Terminals 51 | . 7 . . . 10 6 . . 4 3 2 4 6 . 9 Fabricators 3 | . . . . . . . . . . . . . . . 3 Repair Stations 6 | . . . . . . . . . . . 1 . . . 5 Recycling Units . | . . . . . . . . . . . . . . . . Scanalyzers . | . . . . . . . . . . . . . . . . Garrison Access 7 | . . . . . . 1 . 1 . . . 1 . 3 1 Terminal Hacks 19 | . 4 1 . . 7 1 . . 1 1 . . 3 . 1 Part Schematic 2 | . . . . . 2 . . . . . . . . . . Robot Analysis 4 | . 2 . . . 1 . . . . 1 . . . . . Prototype ID Bank 1 | . . . . . 1 . . . . . . . . . . Open Door 4 | . . 1 . . . 1 . . 1 . . . 1 . . Emergency Access Points 1 | . . . . . . . . . . . . . 1 . . Unreport Threat 1 | . . . . . . . . . . . . . . . 1 Locate Traps 1 | . 1 . . . . . . . . . . . . . . Dispatch Records 1 | . . . . . 1 . . . . . . . . . . Hauler Manifests 1 | . 1 . . . . . . . . . . . . . . Registered Prototypes 1 | . . . . . 1 . . . . . . . . . . Zone Layout 1 | . . . . . 1 . . . . . . . . . . Garrison Registry 1 | . . . . . . . . . . . . . 1 . . Fabricator Hacks . | . . . . . . . . . . . . . . . . Repair Station Hacks 3 | . . . . . . . . . . . . . . . 3 Scan Component 2 | . . . . . . . . . . . . . . . 2 Repair 1 | . . . . . . . . . . . . . . . 1 Recycling Unit Hacks . | . . . . . . . . . . . . . . . . Scanalyzer . | . . . . . . . . . . . . . . . . Garrison Access Hacks 6 | . . . . . . 1 . 1 . . . 1 . 2 1 Unlock Access 4 | . . . . . . 1 . 1 . . . 1 . . 1 Seal Access 1 | . . . . . . . . . . . . . . 1 . Coupler Status 1 | . . . . . . . . . . . . . . 1 . Unauthorized Hacks 2 | . . . . . 1 . . . . . 1 . . . . Terminals 1 | . . . . . 1 . . . . . . . . . . Disrupt 1 | . . . . . 1 . . . . . . . . . . Fabricators . | . . . . . . . . . . . . . . . . Repair Stations 1 | . . . . . . . . . . . 1 . . . . Patch 1 | . . . . . . . . . . . 1 . . . . Recycling Units . | . . . . . . . . . . . . . . . . Scanalyzers . | . . . . . . . . . . . . . . . . Garrison Access . | . . . . . . . . . . . . . . . . Data Cores Recovered 1 | . . . . . 1 . . . . . . . . . . Used . | . . . . . . . . . . . . . . . . Hacking Detections 24 | . 2 . . . 3 3 . . 1 1 1 4 1 1 7 Full Trace Events 6 | . . . . . . 1 . . 1 1 1 . . . 2 Feedback Events . | . . . . . . . . . . . . . . . . Feedback Blocked . | . . . . . . . . . . . . . . . . Robot Schematics Acquired . | . . . . . . . . . . . . . . . . Robots Built . | . . . . . . . . . . . . . . . . Authchips . | . . . . . . . . . . . . . . . . Time . | . . . . . . . . . . . . . . . . Total Robot Build Rating . | . . . . . . . . . . . . . . . . Part Schematics Acquired 2 | . . . . . 2 . . . . . . . . . . Parts Built . | . . . . . . . . . . . . . . . . Authchips . | . . . . . . . . . . . . . . . . Time . | . . . . . . . . . . . . . . . . Total Part Build Rating . | . . . . . . . . . . . . . . . . Parts Repaired 1 | . . . . . . . . . . . . . . . 1 Time 62 | . . . . . . . . . . . . . . . 62 Parts Recycled . | . . . . . . . . . . . . . . . . Recycled Matter . | . . . . . . . . . . . . . . . . Retrieved Matter . | . . . . . . . . . . . . . . . . Retrieved Components . | . . . . . . . . . . . . . . . . Parts Scanalyzed . | . . . . . . . . . . . . . . . . Part Schematics Acquired . | . . . . . . . . . . . . . . . . Parts Damaged . | . . . . . . . . . . . . . . . . Bothacking | -11 -10 -10 -10 -9 -8 -8 -8 -7 -7 -7 -6 -5 -5 -5 -4 ------------ Run | Yrd Mat Min Exi Min Mat Sto Gar Fac Gar Fac Fac Fac Gar Fac Fac Used RIF Installer 3 | . . . . . . . . . 1 . . . 2 . . Hotswap 1 | . . . . . . . . . . . . . 1 . . Command Fork 1 | . . . . . . . . . . . . . 1 . . Robots Hacked 27 | . . . . . . . . . . . . . 9 1 17 Non-combat 8 | . . . . . . . . . . . . . . 1 7 Combat 19 | . . . . . . . . . . . . . 9 . 10 Robot Hacks Applied 29 | . . . . . . . . . . . . . 10 1 18 reprogram_traps 1 | . . . . . . . . . . . . . . . 1 map_route 1 | . . . . . . . . . . . . . . 1 . find_garrison 1 | . . . . . . . . . . . . . . . 1 broadcast_data 1 | . . . . . . . . . . . . . . . 1 disrupt_area 1 | . . . . . . . . . . . . . 1 . . overload_power 1 | . . . . . . . . . . . . . 1 . . amplify_resonance 6 | . . . . . . . . . . . . . 1 . 5 wipe_record 3 | . . . . . . . . . . . . . 2 . 1 overwrite_iff 1 | . . . . . . . . . . . . . 1 . . formatsys_low 1 | . . . . . . . . . . . . . . . 1 formatsys_high 12 | . . . . . . . . . . . . . 4 . 8 Relay Couplers Released 22 | . . . . . . . . . 3 . . . 17 . 2 Machine Destruction 22 | . . . . . . . . . 3 . . . 17 . 2 Attached 13 | . . . . . . . . . . . . . 8 1 4 Fabnet Peak Effective % . | . . . . . . . . . . . . . . . . Robots Rewired 3 | . . . . . . . . . . . . . 3 . . Allies Hacked . | . . . . . . . . . . . . . . . . Hacks Repelled . | . . . . . . . . . . . . . . . . Allies | -11 -10 -10 -10 -9 -8 -8 -8 -7 -7 -7 -6 -5 -5 -5 -4 -------- Run | Yrd Mat Min Exi Min Mat Sto Gar Fac Gar Fac Fac Fac Gar Fac Fac Total Allies 26 | . . 3 . . . . . . 2 . . . 11 . 10 Largest Group 7 | . . 2 2 . . . . . 2 . . . 6 6 7 Highest-Rated Group 336 | . . 56 56 . . . . . 59 . . . 257 220 336 Highest-Rated Ally 56 | . . 31 31 . . . . . 39 . . . 49 49 56 Total Orders 4 | . . . . . . . . . . . . 1 . . 3 AID 2 | . . . . . . . . . . . . . . . 2 EXPLORE 2 | . . . . . . . . . . . . 1 . . 1 Ally Attacks 176 | . . . . . . . . . 21 . . . 41 22 92 Total Damage 4940 | . . . . . . . . . 469 . . . 1480 298 2693 Kills 27 | . . . . . . . . . 1 . . . 7 4 15 Allies Corrupted 1 | . . . . . . . . . . . . . . 1 . Allies Melted . | . . . . . . . . . . . . . . . . Intel | -11 -10 -10 -10 -9 -8 -8 -8 -7 -7 -7 -6 -5 -5 -5 -4 ------- Run | Yrd Mat Min Exi Min Mat Sto Gar Fac Gar Fac Fac Fac Gar Fac Fac Robot Analysis Total 4 | . 2 . . . 1 . . . . 1 . . . . . Derelict Logs Recovered 2 | . . . . 2 . . . . . . . . . . . Drone Launches 4 | . . . . . . . . . . . . 2 . . 2 Drone Recoveries . | . . . . . . . . . . . . . . . . Exploration | -11 -10 -10 -10 -9 -8 -8 -8 -7 -7 -7 -6 -5 -5 -5 -4 ------------- Run | Yrd Mat Min Exi Min Mat Sto Gar Fac Gar Fac Fac Fac Gar Fac Fac Turns Passed 16222 | . 905 719 224 882 1122 1273 875 218 2911 355 850 902 2517 286 2183 Spaces Moved 7279 | 1 474 406 129 440 413 439 330 159 1181 168 523 518 990 172 936 Core 9 | . . . . . . . . . . . . . 9 . . Treads 1445 | . 159 . . . . . . . 4 . . . 629 172 481 Legs 1522 | 1 89 . . . . . . . 599 91 . . 287 . 455 Wheels 4303 | . 226 406 129 440 413 439 330 159 578 77 523 518 65 . . Hover . | . . . . . . . . . . . . . . . . Flight . | . . . . . . . . . . . . . . . . Fastest Speed 115 | 120 120 175 175 175 175 195 210 116 145 115 115 116 160 160 120 Average Speed 182 | 120 159 175 175 175 191 209 210 126 213 193 129 138 205 160 177 Slowest Speed 1550 | 120 175 175 175 175 215 210 210 145 330 260 160 175 1550 160 260 Overloaded Moves . | . . . . . . . . . . . . . . . . Propulsion Burnouts . | . . . . . . . . . . . . . . . . Robots Hopped . | . . . . . . . . . . . . . . . . Cave-ins Triggered . | . . . . . . . . . . . . . . . . Exploration Rate (%) 41 | 2 86 79 50 69 38 70 36 6 75 3 13 20 87 7 29 Regions Visited 15 Branch Regions 4 Pre-discovered Areas 2 | . . . . 2 . . . . . . . . . . . Known Exits Taken 4 | . . . . . . 1 . 1 . . . 1 . 1 . Unknown Exits Taken 8 | 1 1 1 1 1 1 . . . . 1 1 . . . . Scrap Searched 1 | . . . . 1 . . . . . . . . . . . Spaces Dug 11 | . . . . . . . . . 1 . . 8 . . 2 Terrain Destroyed 473 | . 32 . . . 22 103 25 3 30 2 89 83 3 . 81 Melee 1 | . . . . . . . . . 1 . . . . . . Projectile 76 | . . . . . . 19 12 3 3 2 4 10 . . 23 AOE 396 | . 32 . . . 22 84 13 . 26 . 85 73 3 . 58 Terrain Rammed . | . . . . . . . . . . . . . . . . Walls Destroyed . | . . . . . . . . . . . . . . . . Machines Disabled . | . . . . . . . . . . . . . . . . Actions | -11 -10 -10 -10 -9 -8 -8 -8 -7 -7 -7 -6 -5 -5 -5 -4 --------- Run | Yrd Mat Min Exi Min Mat Sto Gar Fac Gar Fac Fac Fac Gar Fac Fac Total 9150 | . 551 415 128 501 602 636 472 174 1412 193 628 643 1323 182 1290 Wait 631 | . 10 6 . 12 53 78 46 4 38 6 32 54 132 4 156 Move 7265 | . 473 405 128 439 412 439 329 158 1179 167 522 518 989 171 936 Hop . | . . . . . . . . . . . . . . . . Pick Up 115 | . 7 3 . 9 23 4 5 3 11 4 7 9 14 1 15 Fast Attach 88 | . 5 . . 4 8 5 1 1 16 2 4 5 17 . 20 Attach 81 | . 3 . . 2 9 4 4 3 7 . 8 8 13 1 19 Detach 9 | . 1 . . . 2 1 1 . . . 1 2 1 . . Swap 60 | . 6 . . 1 4 2 3 1 12 . 4 6 9 . 12 Drop 79 | . 5 1 . 6 14 6 2 1 11 9 5 3 10 2 4 Fire 709 | . 41 . . 28 77 96 41 3 86 5 44 38 127 3 120 Melee 8 | . . . . . . . . . 8 . . . . . . Ram 2 | . . . . . . 1 . . . . 1 . . . . Kick . | . . . . . . . . . . . . . . . . Crush 2 | . . . . . . . . . . . . . . . 2 Escape Stasis 99 | . . . . . . . 40 . 44 . . . 10 . 5 Rewire 2 | . . . . . . . . . . . . . 1 . 1 Trap . | . . . . . . . . . . . . . . . . Miscellaneous . | . . . . . . . . . . . . . . . . Route ------- -11/Scrapyard -10/Materials (discovered 4 exits: [*Mat x2] / *Min x2) -10/Mines -10/Exiles -9/Mines -8/Materials -8/Storage -8/Garrison -7/Factory -7/Garrison (discovered 3 exits: *Fac x3) -7/Factory -6/Factory -5/Factory -5/Garrison (discovered 3 exits: *Fac x3) -5/Factory -4/Factory History --------- Turn | Location | Event 1 | -11/Scrapyard | Discovered new exit (range 0) 1 | -11/Scrapyard | Entered Materials 209 | -10/Materials | Discovered new exit (range 11) 318 | -10/Materials | Build established: Mutant 424 | -10/Materials | Discovered new exit (range 7) 682 | -10/Materials | Discovered new exit (range 6) 717 | -10/Materials | Discovered new exit (range 15) 906 | -10/Materials | Entered Mines 923 | -10/Mines | Received a Mining Laser from a helpful Derelict 1088 | -10/Mines | Deemed a non-threat by the Exiles lab entrance 1088 | -10/Mines | Discovered new exit (range 5) 1253 | -10/Mines | Met a Derelict who couldn't figure out how to use a Trap Extractor 1625 | -10/Mines | Entered Exiles 1625 | -10/Exiles | Accompanied by 2 allies 1655 | -10/Exiles | Led the pair of lost Derelicts to a safe place 1667 | -10/Exiles | Met 8R-AWN 1697 | -10/Exiles | Met EX-HEX 1772 | -10/Exiles | Met EX-DEC 1835 | -10/Exiles | Discovered new exit (range 10) 1849 | -10/Exiles | Entered Mines 1972 | -9/Mines | Joined a pair of Derelicts in attacking an 0b10 outpost 2044 | -9/Mines | Assembled infested the area 2049 | -9/Mines | Assisted by a Guerilla fighting off Assembled 2051 | -9/Mines | Learned 4 Materials zone layouts 2483 | -9/Mines | Core integrity fell below 50% 2517 | -9/Mines | Learned location of Zion (-7) 2522 | -9/Mines | Discovered new exit (range 10) 2523 | -9/Mines | Learned location of Storage (-8) 2524 | -9/Mines | A weapon hastily lodged in a ceiling crevice suddenly fell to the ground 2731 | -9/Mines | Entered Materials 2731 | -8/Materials | Evolved 4 slots: Propulsion x1, Utility x3 3034 | -8/Materials | Build established: Scavenger-Mutant 3363 | -8/Materials | Lost 5 parts (1p2n1u1w) 3608 | -8/Materials | Build established: Mutant 3805 | -8/Materials | Discovered new exit (range 14) 3853 | -8/Materials | Entered Storage 4743 | -8/Storage | Core integrity fell below 50% 5053 | -8/Storage | First assault squad dispatched 5126 | -8/Storage | Identified exit to Garrison 5126 | -8/Storage | Entered Garrison 5136 | -8/Garrison | Destroyed 10 combat bots 5218 | -8/Garrison | Triggered checkpoint 5228 | -8/Garrison | Core integrity fell below 20% 5427 | -8/Garrison | Build established: Scavenger-Mutant 5510 | -8/Garrison | Triggered checkpoint 5529 | -8/Garrison | Triggered checkpoint 5552 | -8/Garrison | Destroyed 7 combat bots 5743 | -8/Garrison | Discovered new exit (range 9) 5846 | -8/Garrison | Triggered checkpoint 6001 | -8/Garrison | Entered Factory 6001 | -7/Factory | Evolved 2 slots: Propulsion x1, Utility x1 6215 | -7/Factory | Identified exit to Garrison 6219 | -7/Factory | Entered Garrison 6313 | -7/Garrison | Triggered checkpoint 6385 | -7/Garrison | Triggered checkpoint 6588 | -7/Garrison | Destroyed 8 combat bots 6926 | -7/Garrison | Discovered new exit (range 9) 6962 | -7/Garrison | Installed Relay Interface Framework 6997 | -7/Garrison | Triggered checkpoint 7090 | -7/Garrison | Garrison Relay disabled 7269 | -7/Garrison | Triggered checkpoint 7309 | -7/Garrison | Triggered checkpoint 7601 | -7/Garrison | Rescued a captive Derelict 7609 | -7/Garrison | Rescued a captive Derelict 7613 | -7/Garrison | Triggered checkpoint 7734 | -7/Garrison | Discovered new exit (range 5) 7798 | -7/Garrison | Spotted B-75 Beast 7816 | -7/Garrison | Core integrity fell below 50% 7828 | -7/Garrison | Destroyed B-75 Beast 7849 | -7/Garrison | Lost 6 parts (1n3u2w) 8183 | -7/Garrison | Discovered new exit (range 14) 8195 | -7/Garrison | Triggered checkpoint 8268 | -7/Garrison | Build established: Mutant 8697 | -7/Garrison | Build established: Scavenger-Mutant 9130 | -7/Garrison | Entered Factory 9479 | -7/Factory | Discovered new exit (range 5) 9485 | -7/Factory | Entered another Factory area 9485 | -6/Factory | Evolved 2 slots: Utility x2 9538 | -6/Factory | Spotted B-75 Beast 9574 | -6/Factory | Destroyed B-75 Beast 9599 | -6/Factory | Lost 3 parts (1p1u1w) 9665 | -6/Factory | Build established: Mutant 10283 | -6/Factory | Discovered new exit (range 13) 10335 | -6/Factory | Entered another Factory area 10335 | -5/Factory | Evolved 2 slots: Utility x2 10635 | -5/Factory | First assault squad dispatched 11204 | -5/Factory | Spotted B-75 Beast 11237 | -5/Factory | Identified exit to Garrison 11237 | -5/Factory | Entered Garrison 11244 | -5/Garrison | Lost 10 parts (1p2n4u3w) 11299 | -5/Garrison | Triggered checkpoint 11308 | -5/Garrison | Core integrity fell below 50% 11342 | -5/Garrison | Garrison Relay disabled 11408 | -5/Garrison | Lost 3 parts (1n2u) 11655 | -5/Garrison | Triggered checkpoint 11824 | -5/Garrison | Build established: Scavenger-Mutant 11841 | -5/Garrison | Triggered checkpoint 11886 | -5/Garrison | Lost 4 parts (1p1n2w) 11965 | -5/Garrison | Triggered checkpoint 12147 | -5/Garrison | Expanded RIF knowledge: Hotswap 12159 | -5/Garrison | Build established: Mutant 12251 | -5/Garrison | Triggered checkpoint 12362 | -5/Garrison | Rescued a captive Derelict 12363 | -5/Garrison | Rescued a captive Derelict 12517 | -5/Garrison | Build established: Scavenger-Mutant 12681 | -5/Garrison | Discovered new exit (range 12) 12822 | -5/Garrison | Expanded RIF knowledge: Command Fork 12855 | -5/Garrison | Spotted Striker 12855 | -5/Garrison | Spotted Striker 12873 | -5/Garrison | Allies destroyed Striker 12921 | -5/Garrison | Discovered new exit (range 10) 12934 | -5/Garrison | Identified exit to Factory 13043 | -5/Garrison | Destroyed Striker 13067 | -5/Garrison | Triggered checkpoint 13086 | -5/Garrison | Core integrity fell below 20% 13105 | -5/Garrison | Triggered checkpoint 13136 | -5/Garrison | Garrison Relay disabled 13171 | -5/Garrison | Discovered exit to Factory (range 11) 13171 | -5/Garrison | Discovered exit to Factory (range 68) 13171 | -5/Garrison | Discovered exit to Factory (range 83) 13371 | -5/Garrison | Triggered checkpoint 13393 | -5/Garrison | Triggered checkpoint 13433 | -5/Garrison | Garrison Relay disabled 13460 | -5/Garrison | Build established: Bothacker-Mutant 13523 | -5/Garrison | Triggered checkpoint 13542 | -5/Garrison | Garrison Relay disabled 13614 | -5/Garrison | Garrison Relay disabled 13754 | -5/Garrison | Entered Factory 13754 | -5/Factory | Accompanied by 6 allies 14010 | -5/Factory | Discovered new exit (range 15) 14036 | -5/Factory | Identified exit to Factory 14040 | -5/Factory | Entered another Factory area 14040 | -4/Factory | Accompanied by 4 allies 14040 | -4/Factory | Evolved 2 slots: Power x1, Utility x1 14150 | -4/Factory | Repaired Imp. Heavy Treads 14531 | -4/Factory | Lost 6 parts (1p1n3u1w) 14775 | -4/Factory | Build established: Commander-Mutant 14828 | -4/Factory | First assault squad dispatched 14844 | -4/Factory | Cargo convoy interrupted 14877 | -4/Factory | P-70 Sage assimilated allied Warrior 7a 14888 | -4/Factory | Lost 5 allies 14899 | -4/Factory | System corruption reached 10% 15012 | -4/Factory | Identified exit to Garrison 15063 | -4/Factory | Lost 3 parts (1p1n1u) 15236 | -4/Factory | Core integrity fell below 50% 15651 | -4/Factory | Lost 6 parts (1p1n2u2w) 15662 | -4/Factory | Build established: Scavenger-Mutant 16100 | -4/Factory | Core integrity fell below 20% 16138 | -4/Factory | Lost 3 parts (1n2u) 16223 | -4/Factory | Destroyed by G-73 Enforcer with Phase Gun Last Messages --------------- 16215_ L-61 Swordsman knocked back. 16216_ U-05 Engineer builds a Wall. 16217_ L-61 Swordsman knocked back. 16217_ Imp. Heavy Treads destroyed. 16218_ Thermal Shield destroyed. 16218_ Critical hit (Burn: +37). 16218_ Mic. Fission Core destroyed. 16219_ Adv. Signal Interpreter broken. 16219_ Overheating: Short circuit. 16220_ M-36 Artificer repairs G-73 Enforcer. 16220_ L-61 Swordsman knocked back. 16220_ Rnf. Fission Core destroyed. 16220_ Adv. Heat Sink destroyed. 16220_ Authchip [R/Combat] destroyed. 16221_ Adv. Myomer Leg destroyed. 16221_ U-05 Engineer builds a Wall. 16222_ M-36 Artificer repairs G-73 Enforcer. 16222_ Mass Driver destroyed. 16222_ Slug penetrates L-61 Swordsman. 16222_ L-61 Swordsman destroyed. Map ----- +----------------------------------------------------+ | ##""" ! " #% # #????????? # | | ## " #[ ## # " " #????????? # | | ######+## # % # #= [ ## # "G"" #???????? # | | #???# %" "# [%###%+ % #???????? ! # | | #???# = # =#####+#########????? # | | #???# "" %= ## !% %! = + #????? # | | #???# " =%% ### ####### #???#######" | | ###### " = ## ##????# #???# | | [ #####+##"+"#????# #???# ###### | | ""T" %* # ##????# #???# #????? | | %""""%= # """ """ #?????# #??## ##???? | | %[ # """ """ #?????# #### #???? | | !% = """ """ #?????# + #???? | | ######### # = # "" "" #?????# # ## #???? | | ???????## ##% # "" "" #?????####"# ###+##???? | | ???????# # #???? ? # ???? | | ???????##### # #?? ######## "" #??? | | ???????# ##%!!! ############## #???????# "" #??? | | ???????## ! [ # # ????????# "T #??? | | ? #= = # """""" +?????????# "" #??? | | """ # # """""" #?????????# "" #??? | | "R # # ""gk# ????????# ?? #??? | | """ # # %" # #???????##??###??? | | ? """ # # % % g # #????????????????? | | """" + % + ]/ i # #????????????????? | | ? """" #[ # = @/ # #????????????????? | | ? ??""" # % # ! %[ g # #??????#########?? | | ???????"" # # u ] # #?????? ] #?? | | ????????"" #= % # = g%g u# #?????? #?? | | ???????? #! % # *gmg# #?????# #?? | | ????????? # #########;#/## #?????# #?? | | +#?????+#### "#???????##% #?????#! #?? | | #????# #?? ##????????# % #?????# ]] #?? | | #????# #??? #???####### #?????# ]]? #?? | | #????# #??? #?????#! ]? ??? | | ###### #### #???####### #?????# ? ???? | | #?????????# ###########+##+#?? | | #?????????# %*=%!!%!= #?? | | """ """ ##############"########! #?? | | """ """ # #??????### T #?? | | """ """ # #????????# #?? | | #+### # #????????# #?? | | # # ########## #?? | | # + + % #?? | | !!! # ""T"" # ############# #?? | | !!! # """"" + #???##!! ! # ### | | !!! # # #????#!% + | | + # #????#=] """# ###### | | # ######## #????# R"# #????? | | ##### #??????# #????# """# #????? | +----------------------------------------------------+ Best States ------------- Heat Dissipation 119 Energy Generation 35 Energy Capacity 540 Matter Stores 300 Matter Capacity 300 Sight Range 16 Robot Scan Range 16 Terrain Scan Density 10 Jamming Range 12 Base Temperature (-) 200 Armor Coverage 450 Resistance: TH 30 Resistance: EM 15 Weapon Cycling 20 Phase Shifting 5 Evasion (%) 55 Targeting Accuracy 16 Core Analysis 6 Recoil Reduction 6 Particle Charging 20 Offensive Hacking 10 Relay Coupler Types 5 Relay Coupler Value 119 Authchip Count 4 Item Schematics ----------------- Plasma Cutter | -8/Materials | Hacked Hvy. Assault Cannon | -8/Materials | Hacked Robot Schematics ------------------ None Fabricated ------------ Nothing Alien Tech Used ----------------- None Achievements -------------- None Challenges ------------ None Game ------ Seed FrostCarbideTerrabomb Manual? 0 Play Time 01:39:20 Cumulative 164.6 hours Start 2024.11.21 @ 20:14:23 End 2024.11.22 @ 15:22:36 Sessions 3 Manual Loads 0 Difficulty Rogue Special Mode None Game No. 268 Rogue 267 Adventurer 1 Explorer 0 Win Type - Total 2 Types 2/0/0/0/0/0/0/0/0 Lore% 75 Gallery% 72 Achievement% 55 Wizard Run 0 Options --------- Layout 1 ASCII 0 Keyboard 0 Movement Mouse Keybinds 0 Fullscreen 2 Font 20/SmallcapsGlow Map View 54x42 Zoom Use 0% Tactical HUD 1 Map Filters NONE Filters NONE Steam 0 RUN: 051fed93-0292-4c2b-a40e-b39f0a0ec4bb